 Dungeon Crawl Stone Soup version 0.28.0-53-g5a82cb258f (webtiles) character file.

Game seed: 17242854287862053193

12391 Jerry the Fighter (level 11, -7/64 HPs)
             Began as a Vine Stalker Fighter on July 30, 2022.
             Was a Believer of Uskayaw.
             Killed from afar by a gargoyle (27 damage)
             ... with a stone arrow
             ... on level 8 of the Dungeon.
             The game lasted 00:33:01 (7769 turns).

Jerry the Fighter (Vine Stalker Fighter)            Turns: 7769, Time: 00:33:02

Health: -7/64      AC: 10    Str: 16    XL:     11   Next: 92%
Magic:  0/12       EV: 10    Int:  8    God:    Uskayaw [**....]
Gold:   371        SH:  8    Dex: 23    Spells: 10/10 levels left

rFire   . . .      SeeInvis .   g - +1 dagger (venom)
rCold   . . .      Faith    +   s - +2 buckler of the Fiddle {rPois rN+ Str-3 Dex+5}
rNeg    + . .      Spirit   +   r - +2 ring mail {rPois}
rPois   +          Reflect  .   p - +0 helmet
rElec   .          Harm     .   (no cloak)
rCorr   .          Rampage  .   (no gloves)
Will    +....                   (no boots)
Stlth   +.........              h - amulet of faith
HPRegen 1.00/turn               (no ring)
MPRegen 0.13/turn               (no ring)

@: studying Bows
A: fangs 3, regeneration 1, magic shield, antimagic bite, no potion heal 2
a: Renounce Religion, Stomp, Line Pass


You were on level 8 of the Dungeon.
You worshipped Uskayaw.
Uskayaw was noncommittal.
You visited 2 branches of the dungeon, and saw 10 of its levels.
You also visited: Sewer.

You collected 371 gold pieces.

Inventory:

Hand Weapons
 a - a +0 rapier
 g - a +1 dagger of venom (weapon)
 w - a +3 short sword
Missiles
 v - 6 throwing nets (quivered)
Armour
 p - a +0 helmet (worn)
 r - a +2 ring mail of poison resistance (worn)
 s - the +2 buckler of the Fiddle (worn) {rPois rN+ Str-3 Dex+5}
   (You found it on level 8 of the Dungeon)

   Str:       It affects your strength (-3).
   Dex:       It affects your dexterity (+5).
   rPois:     It protects you from poison.
   rN:        It protects you from negative energy.
Jewellery
 d - a ring of magical power
 h - an amulet of faith (around neck)
 t - a ring of fire
Scrolls
 c - 3 scrolls of brand weapon {unknown}
 e - a scroll of amnesia
 l - 3 scrolls of identify
 m - 2 scrolls of teleportation
 n - 3 scrolls of enchant armour
 o - a scroll of enchant weapon
 q - a scroll of magic mapping
Potions
 b - 3 potions of magic {unknown}
 f - 5 potions of curing
 i - a potion of brilliance
 j - a potion of flight
 u - a potion of resistance {unknown}


   Skills:
 - Level 10.4 Fighting
 - Level 10.2 Short Blades
 + Level 9.5 Armour
 + Level 0.0 Dodging
 - Level 5.3 Shields
 + Level 0.0 Invocations


You had 10 spell levels left.
You didn't know any spells.
Your spell library contained the following spells:

 Spells                   Type           Power      Damage    Failure   Level
 Pain                     Necr           0%         1d4       67%         1
 Sting                    Tmut/Pois      0%         1d3       67%         1
 Blink                    Tloc           0%         N/A       80%         2
 Poisonous Vapours        Pois/Air       0%         N/A       80%         2
 Scorch                   Fire           0%         2d5       80%         2
 Lesser Beckoning         Tloc           0%         N/A       95%         3
 Flame Wave               Conj/Fire      0%         2d4       100%        4
 Manifold Assault         Tloc           0%         N/A       100%        5
 Summon Cactus Giant      Summ           0%         N/A       100%        6


Dungeon Overview and Level Annotations

Branches:
Dungeon (9/15)             Temple (1/1) D:7           Sewer (visited)
   Lair: D:8-11         Orc: D:9-12

Altars:
Ashenzari
Cheibriados
Dithmenos
Elyvilon
Fedhas
Gozag
Hepliaklqana
Kikubaaqudgha
Nemelex Xobeh
Okawaru
Qazlal
Ru
Sif Muna
Trog
Uskayaw
Wu Jian
Xom
Yredelemnul
Zin
The Shining One

Annotations:
D:5 Menkaure


Innate Abilities, Weirdness & Mutations

You have razor-sharp teeth.
Your natural rate of healing is unusually fast.
When hurt, damage is shared between your health and your magic reserves.
Your bite disrupts and absorbs the magic of your enemies.
Potions cannot restore your health.


Message History

The gargoyle is severely damaged.
The gargoyle hits you with a +0 mace!!
You barely miss the gargoyle.
You bite the gargoyle, but do no damage.
The gargoyle is severely damaged.
You hit the gargoyle but do no damage.
You bite the gargoyle, but do no damage.
The gargoyle is severely damaged.
The gargoyle hits you with a +0 mace.
You hit the gargoyle but do no damage.
The gargoyle is severely damaged.
You hit the gargoyle but do no damage.
You bite the gargoyle, but do no damage.
The gargoyle is severely damaged.
The gargoyle hurls a stone arrow at you.
The stone arrow misses you.
You hit the gargoyle.
You bite the gargoyle, but do no damage.
The gargoyle is almost destroyed.
The gargoyle hits you with a +0 mace!
You hit the gargoyle.
The gargoyle is almost destroyed.
You hit the gargoyle but do no damage. Your bite misses the gargoyle.
The gargoyle is almost destroyed.
The gargoyle hits you with a +0 mace.
You barely miss the gargoyle.
You bite the gargoyle, but do no damage.
The gargoyle is almost destroyed.
You hit the gargoyle. Your bite misses the gargoyle.
The gargoyle is almost destroyed.
The gargoyle hits you with a +0 mace.
* * * LOW HITPOINT WARNING * * *
You hit the gargoyle but do no damage.
You bite the gargoyle, but do no damage.
The gargoyle is almost destroyed.
You hit the gargoyle but do no damage.
The gargoyle is almost destroyed.
The gargoyle hurls a stone arrow at you.
The stone arrow hits you!!
You die...

.........≈..#....................
....≈≈...≈..#....................
.....≈≈..≈≈≈.....?...............
......≈≈....≈≈..................#
.........##≈≈..............######
.....†.#.≈≈≈#.................##.
.##.)##≈≈≈......(............##..
...≈)).......................#...
...≈≈...........@...............#
...≈.............9...##........##
.......<........≈.≈≈.##.......##.
............≈...≈............###_
...............≈≈≈≈.≈..#'##### #.
............≈≈≈.≈≈≈..≈.#.##### ##
..............≈♣≈≈.≈≈≈.#.....#
.......####..≈≈...≈≈.≈.#.###.#
.[.##≈.. ##≈.≈♣....≈....###'####


You could see a gargoyle.

Vanquished Creatures
  Gastronok (D:8)
  Harold (D:7)
  A two-headed ogre (D:8)
  A deep elf pyromancer (D:8)
  Pikel (D:6)
  An ugly thing (D:8)
  Joseph (D:7)
  A komodo dragon (D:8)
  A troll (D:8)
  Prince Ribbit (D:7)
  Sigmund (D:5)
  A ynoxinul (D:8)
  2 humans (D:7)
  8 yaks
  3 steam dragons
  Pargi (Sewer)
  2 orc warriors
  An ice beast (D:7)
  A sky beast (D:5)
  A necrophage (D:8)
  2 black bears
  5 centaurs
  3 ogres
  A phantom (D:5)
  A lemure (D:6)
  A gnoll sergeant (D:5)
  A wyvern zombie (D:6)
  5 bullfrogs
  7 wights
  3 killer bees (D:9)
  2 jellies
  3 orc priests
  A bullfrog zombie (D:5)
  2 hounds
  A centaur skeleton (D:4)
  A gnoll shaman (D:8)
  4 iguanas
  5 orc wizards
  A hound skeleton (D:4)
  Robin (D:2)
  7 adders
  20 gnolls
  2 river rats (D:4)
  A shadow imp (D:6)
  5 worms
  2 dart slugs
  25 orcs
  10 ball pythons
  6 endoplasms
  3 giant cockroaches
  17 hobgoblins
  7 jackals (D:1)
  6 kobolds
  5 quokkas
  8 bats
  3 frilled lizards
  12 goblins
  8 rats
228 creatures vanquished.

Notes
Turn   | Place    | Note
-------+----------+-------------------------------------------
     0 | D:1      | Jerry the Vine Stalker Fighter began the quest for the Orb.
     0 | D:1      | Reached XP level 1. HP: 11/11 MP: 2/2
   261 | D:1      | Reached XP level 2. HP: 16/16 MP: 3/3
   530 | D:1      | Reached XP level 3. HP: 15/20 MP: 4/4
   958 | D:1      | Found a faded altar of an unknown god.
  1911 | D:2      | Noticed Robin
  1954 | D:2      | Killed Robin
  1955 | D:2      | Gained mutation: Your natural rate of healing is unusually
                  | fast. [Vine Stalker growth]
  1955 | D:2      | Reached XP level 4. HP: 12/24 MP: 2/5
  2216 | D:2      | Found a snail-covered altar of Cheibriados.
  2472 | D:3      | Reached XP level 5. HP: 17/28 MP: 6/6
  2956 | D:4      | Noticed a centaur
  2963 | D:4      | Reached XP level 6. HP: 24/33 MP: 4/7
  2996 | D:4      | Reached XP level 7. HP: 14/37 MP: 5/8
  3365 | D:4      | Found a glowing drain.
  3369 | Sewer    | Entered a sewer
  3426 | Sewer    | Noticed Pargi
  3438 | Sewer    | Killed Pargi
  3627 | D:4      | Gained mutation: You have razor-sharp teeth. [Vine Stalker
                  | growth]
  3627 | D:4      | Reached XP level 8. HP: 42/42 MP: 9/9
  3719 | D:4      | Found a glowing silver altar of Zin.
  3786 | D:4      | Found a hazy altar of Hepliaklqana.
  4023 | D:5      | Entered Level 5 of the Dungeon
  4141 | D:5      | Reached skill level 5 in Shields
  4149 | D:5      | Reached skill level 5 in Fighting
  4419 | D:5      | Noticed Sigmund
  4429 | D:5      | Killed Sigmund
  4574 | D:5      | Reached skill level 5 in Short Blades
  4616 | D:5      | Reached skill level 5 in Armour
  4661 | D:5      | Found an opulent altar of Gozag.
  4943 | D:5      | Noticed Menkaure
  5210 | D:6      | Reached XP level 9. HP: 47/48 MP: 10/10
  5523 | D:6      | Noticed Pikel
  5571 | D:6      | Killed Pikel
  5615 | D:6      | You fall into a shaft and drop 3 floors!
  5616 | D:9      | Reached XP level 10. HP: 58/58 MP: 11/11
  5855 | D:7      | Noticed Prince Ribbit
  5867 | D:7      | Killed Prince Ribbit
  6002 | D:7      | Reached XP level 11. HP: 26/60 MP: 9/12
  6121 | D:7      | Found a staircase to the Ecumenical Temple.
  6149 | Temple   | Entered the Ecumenical Temple
  6399 | Temple   | Became a worshipper of Uskayaw the Reveller
  6420 | D:7      | Reached * piety under Uskayaw
  6472 | D:7      | Noticed Harold
  6484 | D:7      | Reached ** piety under Uskayaw
  6486 | D:7      | Reached *** piety under Uskayaw
  6487 | D:7      | Killed Harold
  6525 | D:7      | Found an iron altar of Okawaru.
  6672 | D:7      | Reached **** piety under Uskayaw
  6746 | D:7      | Noticed Joseph
  6765 | D:7      | Killed Joseph
  7087 | D:8      | Found a shimmering blue altar of Sif Muna.
  7120 | D:8      | Got Sif Muna's Tome of Stolen Souls and Toxins
  7127 | D:8      | Found a bloodstained altar of Trog.
  7189 | D:8      | Noticed a two-headed ogre
  7199 | D:8      | Killed a two-headed ogre
  7269 | D:8      | Noticed Gastronok
  7296 | D:8      | Killed Gastronok
  7297 | D:8      | Reached skill level 10 in Fighting
  7297 | D:8      | Reached skill level 10 in Short Blades
  7332 | D:8      | Noticed a purple ugly thing
  7336 | D:8      | Noticed a deep elf pyromancer
  7348 | D:8      | Killed a deep elf pyromancer
  7376 | D:8      | Identified the +2 buckler of the Fiddle {rPois rN+ Str-3
                  | Dex+5}
  7640 | D:8      | Killed a purple ugly thing
  7769 | D:8      | Killed from afar by a gargoyle

Illustrated notes

Levels and vault maps discovered:
D:1:      matt_arrival_debris, layout_loops_corners, serial_rivers,
          chequers_serial_rivers_small_3, chequers_serial_rivers_micro_d,
          chequers_serial_rivers_micro_c, chequers_serial_rivers_micro_b,
          chequers_serial_rivers_room_a, ebering_ecumenical_altar_ruins
D:2:      wander_river, layout_rooms, basic_altar, minmay_goblin_kobold_house,
          uniq_robin
D:3:      layout_basic
D:4:      layout_loops_ring, lemuel_doored_altar, marbit_many_paths,
          gup_sewer_entry_bowl, kennysheep_decorative_pillar,
          minmay_manual_mares
D:5:      layout_basic, mainiacjoe_overflow_small_starburst, grunt_ministairs_1,
          nicolae_underground_beach, uniq_sigmund, uniq_menkaure
D:6:      layout_gridville, uniq_pikel
D:7:      layout_cave_pools, okawaru_humans, minmay_temple_entry_antechambers,
          hangedman_decor_slide_cut, uniq_joseph, uniq_harold,
          uniq_prince_ribbit1
D:8:      layout_basic, nzn_overflow_gifts_of_might_and_magic, serial_rivers,
          chequers_serial_rivers_small_a, chequers_serial_rivers_micro_a,
          chequers_serial_rivers_large_b, chequers_serial_rivers_marsh,
          chequers_serial_rivers_small_b, chequers_serial_rivers_room_a,
          minmay_diamond_spiral, uniq_gastronok
D:9:      layout_roguey, grunt_temple_overflow_lords_of_destruction,
          dpeg_lair_monsters, gammafunk_ghost_spectres, uniq_maurice
Temple:   minmay_temple_curvy_branch

Skill      XL: |  1  2  3  4  5  6  7  8  9 10 11 |
---------------+----------------------------------+-----
Short Blades   | 2 3 4 5 8 9 10 | 10.2
Shields        | 3 4 5 |  5.3
Fighting       | 3 4 5 9 10 | 10.4
Armour         | 3 4 5 8 9 |  9.5

Action                   |  1- 3 |  4- 6 |  7- 9 | 10-12 || total
-------------------------+-------+-------+-------+-------++-------
Melee: Rapier            |    49 |       |       |       ||    49
       Bite              |    27 |    39 |   122 |   199 ||   387
       Dagger            |    73 |   155 |   320 |   498 ||  1046
  Use: Scroll            |     3 |     3 |     9 |     2 ||    17
       Potion            |       |     1 |     3 |     2 ||     6
 Stab: Paralysed         |       |       |       |    11 ||    11
Armor: Scale mail        |    41 |    37 |       |       ||    78
       Ring mail         |       |    19 |    95 |   109 ||   223
Dodge: Dodged            |    54 |    73 |   124 |   151 ||   402
Block: Buckler           |    33 |    42 |    78 |   107 ||   260
